 Dungeon Crawl Stone Soup version 0.29-a0-187-ga23d9638d5 (webtiles) character file.

Game seed: 12409957071183620192

370 Zeldest the Sneak (level 6, -1/32 HPs)
             Began as a Vampire Enchanter on Feb 21, 2022.
             Slain by an orc (7 damage)
             ... on level 4 of the Dungeon.
             The game lasted 00:08:48 (1483 turns).

Zeldest the Sneak (Vampire Enchanter)               Turns: 1483, Time: 00:08:48

Health: -1/32      AC:  5    Str:  7    XL:     6   Next: 42%
Magic:  1/9        EV: 12    Int: 17    God:
Gold:   151        SH:  0    Dex: 17    Spells: 4/9 levels left

rFire   . . .      SeeInvis +   i - +1 dagger (elec)
rCold   + + .      Faith    .   (no shield)
rNeg    + + +      Spirit   .   l - +1 leather armour {Will+}
rPois   ∞          Reflect  .   o - +0 helmet
rElec   .          Harm     .   (no cloak)
rCorr   .          Rampage  .   (no gloves)
Will    +....                   (no boots)
Stlth   +++++.....              (no amulet)
HPRegen 0.00/turn               (no ring)
MPRegen 0.11/turn               (no ring)

@: bloodless, inhibited regen
A: bloodless, fangs 3, see invisible, vampiric 2
a: Bat Form, Revivify


You were on level 4 of the Dungeon.
You visited 1 branch of the dungeon, and saw 4 of its levels.

You collected 151 gold pieces.

Inventory:

Hand Weapons
 a - a +3 dagger
 i - a +1 dagger of electrocution (weapon)
Armour
 b - a +0 robe
 l - a +1 leather armour of willpower (worn)
 o - a +0 helmet (worn)
Wands
 h - a wand of paralysis (7)
 m - a wand of polymorph (2)
Scrolls
 d - a scroll of identify {unknown}
 g - a scroll of enchant weapon {unknown}
 j - a scroll of enchant armour {unknown}
 n - a scroll of immolation {unknown}
Potions
 c - a potion of invisibility
 e - a potion of haste {unknown}
 f - a potion of flight {unknown}
 k - 2 potions of curing {unknown}
 p - 2 potions of degeneration {unknown}
 q - a potion of cancellation {unknown}


   Skills:
 * Level 3.9 Short Blades
 - Level 2.1 Dodging
 * Level 7.0 Stealth
 - Level 2.0 Spellcasting
 * Level 6.8 Hexes
 + Level 2.0 Ice Magic


You had 4 spell levels left.
You knew the following spells:

 Your Spells              Type           Power      Damage    Failure   Level
a - Ensorcelled Hibernat  Hex/Ice        32%        N/A       7%          2
b - Confusing Touch       Hex            25%        N/A       5%          3

Your spell library contained the following spells:

 Spells                   Type           Power      Damage    Failure   Level
 Tukima's Dance           Hex            25%        N/A       5%          3
 Dazzling Flash           Conj/Hex       26%        N/A       22%         3
 Ignite Poison            Fire/Tmut/Pois 1%         N/A       65%         3
 Mephitic Cloud           Conj/Pois/Air  1%         N/A       65%         3
 Iskenderun's Mystic Bla  Conj/Tloc      1%         2d3       96%         4
 Freezing Cloud           Conj/Ice/Air   1%         6-21      99%         5
 Starburst                Conj/Fire      0%         6d3       100%        6


Dungeon Overview and Level Annotations

Branches:
Dungeon (4/15)
 Temple: D:4-7

Altars:


Innate Abilities, Weirdness & Mutations

You do not regenerate when monsters are visible.
You are frail without blood (-20% HP).
You can heal yourself when you bite living creatures.
You are immune to poison.
You have razor-sharp teeth.
You have supernaturally acute eyesight. (SInv)
You are afflicted with vampirism and can become a bat while bloodless.


Message History

Aiming: Ensorcelled Hibernation (safe; 7% risk of failure)
Press: ? - help, Shift-Dir - straight line, f - orc
Aim: an orc, wielding a +0 trident (chance to affect: 67%)
The orc struggles to resist.
The orc priest looks encouraged for a moment.
The orc hits you with a +0 trident.
Casting: Ensorcelled Hibernation (safe; 7% risk of failure)
Confirm with . or Enter, or press ? or * to list all spells.
Aiming: Ensorcelled Hibernation (safe; 7% risk of failure)
Press: ? - help, Shift-Dir - straight line, f/p - orc
Aim: an orc, wielding a +0 trident (chance to affect: 67%)
The orc struggles to resist.
Casting: Ensorcelled Hibernation (safe; 7% risk of failure)
Confirm with . or Enter, or press ? or * to list all spells.
Aiming: Ensorcelled Hibernation (safe; 7% risk of failure)
Press: ? - help, Shift-Dir - straight line, f - orc priest, p - orc
Aim: an orc priest, wielding a +0 mace (chance to affect: 50%)
The orc priest resists with some effort.
The orc hits you with a +0 trident.
Casting: Ensorcelled Hibernation (safe; 7% risk of failure)
Confirm with . or Enter, or press ? or * to list all spells.
Aiming: Ensorcelled Hibernation (safe; 7% risk of failure)
Press: ? - help, Shift-Dir - straight line, f/p - orc priest
Aim: an orc priest, wielding a +0 mace (chance to affect: 50%)
The orc priest resists with some effort.
The orc priest hits you with a +0 mace! The orc misses you.
You hit the orc priest but do no damage.
The orc priest closely misses you. The orc barely misses you.
You hit the orc priest.
Lightning courses through the orc priest!
The orc priest is almost dead.
The orc closely misses you.
The orc priest mumbles some strange prayers to Beogh against you.
Beogh smites you!
* * * LOW HITPOINT WARNING * * *
You hit the orc priest.
Lightning courses through the orc priest!!
You kill the orc priest!
The orc hits you with a +0 trident!
You die...

....##†###### ##
#.......#..##.#
#.......#.....#
#.......#o..o.#
#.......#...o.#
#....(..#.....# .
#.......#.....# ...
######.......#.#####.....
##...##........)@......(.
.#....#........oo........
.#....'..................
.'....#..................
.#....#..................
.#..<.#..................
##..###..................
##..# #######.....#+#####
..... ...


You could see 2 orcs.

Vanquished Creatures
  An ogre (D:4)
  A jelly (D:3)
  An orc priest (D:4)
  Ijyb (D:3)
  Jessica (D:2)
  Natasha (thrice) (D:2)
  A gnoll (D:3)
  3 adders
  A white imp (D:4)
  An adder skeleton (D:4)
  5 worms
  A dart slug (D:1)
  4 orcs (D:3)
  7 endoplasms
  3 giant cockroaches
  5 goblins
  4 hobgoblins
  4 jackals (D:4)
  4 quokkas
  3 ball pythons
  4 bats
  A frilled lizard (D:1)
  6 kobolds
  A rat (D:2)
66 creatures vanquished.

Notes
Turn   | Place    | Note
-------+----------+-------------------------------------------
     0 | D:1      | Zeldest the Vampire Enchanter began the quest for the Orb.
     0 | D:1      | Reached XP level 1. HP: 13/13 MP: 3/3
    44 | D:1      | Found a faded altar of an unknown god.
   165 | D:1      | Reached XP level 2. HP: 11/15 MP: 5/5
   171 | D:1      | Learned a level 2 spell: Ensorcelled Hibernation
   451 | D:2      | Noticed Natasha
   454 | D:2      | Killed Natasha
   455 | D:2      | Reached skill level 5 in Stealth
   455 | D:2      | Reached skill level 5 in Hexes
   455 | D:2      | Gained mutation: You are afflicted with vampirism and can
                  | become a bat while bloodless. [Vampire growth]
   455 | D:2      | Reached XP level 3. HP: 19/19 MP: 2/6
   471 | D:2      | Noticed Natasha
   636 | D:2      | You fall into a shaft and drop 1 floor!
   709 | D:3      | Reached skill level 1 in Ice Magic
   709 | D:3      | Reached XP level 4. HP: 24/24 MP: 4/7
   722 | D:3      | Learned a level 3 spell: Confusing Touch
   747 | D:2      | Noticed Jessica
   755 | D:2      | Killed Jessica
   813 | D:2      | Reached skill level 6 in Stealth
   813 | D:2      | Reached XP level 5. HP: 27/28 MP: 2/8
   849 | D:2      | Killed Natasha
   859 | D:2      | Noticed Natasha
   865 | D:2      | Killed Natasha
   934 | D:3      | Noticed Ijyb
   938 | D:3      | Killed Ijyb
  1052 | D:4      | Noticed an ogre
  1057 | D:4      | Killed an ogre
  1058 | D:4      | Reached XP level 6. HP: 32/32 MP: 9/9
  1234 | D:4      | Reached skill level 7 in Stealth
  1483 | D:4      | Slain by an orc

Illustrated notes

Levels and vault maps discovered:
D:1:      saegor_arrival_simple_c, layout_basic, basic_ecumenical_altar
D:2:      layout_basic, uniq_natasha, uniq_jessica
D:3:      layout_loops_ring, kennysheep_generic_room_3, uniq_ijyb
D:4:      layout_gridville

Skill      XL: |  1  2  3  4  5  6 |
---------------+-------------------+-----
Short Blades   | 2 3 |  3.9
Stealth        | 5 6 7 |  7.0
Hexes          | 5 6 |  6.8
Ice Magic      | 1 2 |  2.0
Dodging        | |  2.1
Spellcasting   | |  2.0

Action                   |  1- 3 |  4- 6 || total
-------------------------+-------+-------++-------
Melee: Dagger            |    48 |    67 ||   115
       Bite              |     4 |     6 ||    10
       Punch             |     1 |       ||     1
 Cast: Ensorcelled Hiber |     9 |    14 ||    23
 Abil: Exsanguinate      |     1 |       ||     1
 Stab: Sleeping          |    20 |    22 ||    42
       Distracted        |       |     1 ||     1
Armor: Robe              |    10 |     4 ||    14
       Leather armour    |       |     7 ||     7
Dodge: Dodged            |    31 |    28 ||    59

Table legend: (Time is in decaauts)
 A = Elapsed time spent in this place.
 B = Non-inter-level travel time spent in this place.
 C = Inter-level travel time spent in this place.
 D = Time resting spent in this place.
 E = Time spent auto-exploring this place.
 F = Levels seen in this place.
 G = Mean time per level.
                   A        B        C        D        E       F      G
               +--------+--------+--------+--------+--------+-----+--------+
         Total |   1469 |   1334 |    135 |      0 |      0 |   4 |  367.2 |
       Dungeon |   1469 |   1334 |    135 |      0 |      0 |   4 |  367.2 |
               +--------+--------+--------+--------+--------+-----+--------+

Top non-repeatable levels by time:
     D:1: 484 daAuts
     D:3: 367 daAuts
     D:4: 329 daAuts
     D:2: 287 daAuts
